 Dungeon Crawl Stone Soup version 0.31-a0-675-g238779eb0a (webtiles) character file.

Game seed: 14177434651477247286

18 Bravepunisher the Ducker (level 2, 0/16 HPs)
             Began as a Spriggan Monk on Sept 5, 2023.
             Slain by an adder (3 damage)
             ... on level 4 of the Dungeon.
             The game lasted 00:01:27 (394 turns).

Bravepunisher the Ducker (Spriggan Monk)             Turns: 394, Time: 00:01:28

Health: 0/16       AC:  2    Str:  7    XL:     2   Next: 51%
Magic:  3/3        EV: 19    Int: 11    God:
Gold:   18         SH:  0    Dex: 17    Spells: 1/1 levels left

rFire   . . .        a - +0 short sword
rCold   . . .        d - orb {light}
rNeg    . . .        b - +0 robe
rPois   .            (helmet restricted)
rElec   .            (no cloak)
rCorr   .            (gloves unavailable)
SInv    +            (boots unavailable)
Will    .....        (no amulet)
Stlth   +            (no ring)
HPRegen 0.22/turn    (no ring)
MPRegen 0.08/turn

%: no passive effects
@: lethally poisoned (0 -> -3), glowing, very quick
A: very small, no large weapons, unfitting armour, see invisible, speed 3
a: no special abilities


You were on level 4 of the Dungeon.
You visited 1 branch of the dungeon, and saw 5 of its levels.

You collected 18 gold pieces.

Inventory:

Hand Weapons
 a - a +0 short sword (weapon)
Armour
 b - a +0 robe (worn)
 d - an orb of light (worn)
Scrolls
 c - 3 scrolls of identify {unknown}
 e - a scroll of noise {unknown}


   Skills:
 + Level 2.7 Fighting
 - Level 3.2 Short Blades
 * Level 4.8 Dodging


You had one spell level left.
You didn't know any spells.
Your spell library contained the following spells:

 Spells                   Type           Power      Damage    Failure   Level
 Ensorcelled Hibernation  Hex/Ice        0%         N/A       47%         2
 Passwall                 Tmut/Erth      0%         N/A       47%         2
 Swiftness                Air            0%         N/A       71%         3


Dungeon Overview and Level Annotations

Branches:
Dungeon (5/15)
 Temple: D:4-7

Altars:

Annotations:
D:1 1 runed translucent door
D:3 Grinder, Natasha
D:4 Edmund


Innate Abilities, Weirdness & Mutations

You are very small and have problems with some larger weapons.
You are too small for most types of armour.
You have supernaturally acute eyesight. (SInv)
You cover ground extremely quickly. (Speed+++)


Message History

You hit the goblin but do no damage. The goblin hits you but does no damage.
You hit the goblin.
The goblin is heavily wounded.
You barely miss the goblin.
The goblin is heavily wounded.
The goblin hits you but does no damage.
You hit the goblin.
The goblin is severely wounded.
The goblin hits you with a +0 club.
You hit the goblin.
You kill the goblin!
You open the door.
An adder comes into view.
The adder hisses angrily.
There is an open door here.
Found a scroll labelled TIM USHEIB.
The adder attacks as it pursues you! The adder bites you.
An adder comes into view.
The adder hisses angrily.
Edmund the Younger comes into view.
He is wielding a +2 dire flail of draining.
Edmund shouts!
The adder bites you.
You are poisoned.
The adder poisons you!
You feel sick. The adder attacks as it pursues you! The adder bites you.
You feel sick. The adder attacks as it pursues you!
The adder closely misses you. The adder bites you.
You are lethally poisoned!
The adder poisons you!
You feel sick. Edmund barely misses you.
Things that are here:
a scroll labelled TIM USHEIB; 7 stones You feel sick.
Edmund misses you.
You feel sick.
* * * LOW HITPOINT WARNING * * *
You feel sick.
* * * LOW HITPOINT WARNING * * *
You feel sick. The adder attacks as it pursues you! The adder bites you.
You die...

.## #######+#######..#
#.....@.......##.#
#..S@S........##.#
#.............##.#
#?..⌠≈≈≈≈≈⌠...##.#
#...≈≈###≈≈...##)#
#...≈## #≈...##.#
+...≈# #≈...'..#
#...≈## ##≈...#..#
#...≈≈###≈≈...##.######


You could see Edmund and 2 adders.

Vanquished Creatures
  An adder (D:4)
  A dart slug (D:4)
  A ball python (D:4)
  2 goblins
  2 hobgoblins (D:4)
7 creatures vanquished.

Notes
Turn   | Place    | Note
-------+----------+-------------------------------------------
     0 | D:1      | Bravepunisher the Spriggan Monk began the quest for the
                  | Orb.
     0 | D:1      | Reached XP level 1. HP: 11/11 MP: 2/2
     1 | D:1      | Found a runed translucent door.
    28 | D:3      | Noticed Grinder
    28 | D:3      | Noticed an orc wizard
    38 | D:3      | Noticed Natasha
    90 | D:4      | Reached XP level 2. HP: 7/16 MP: 3/3
   252 | D:5      | Entered Level 5 of the Dungeon
   384 | D:4      | Noticed Edmund
   394 | D:4      | Slain by an adder

Illustrated notes

Levels and vault maps discovered:
D:1:      dpeg_arrival_caged_fury, layout_rooms, serial_rivers,
          chequers_serial_rivers_large_a, chequers_serial_rivers_micro_d,
          chequers_serial_rivers_micro_e, chequers_serial_rivers_marsh,
          chequers_serial_rivers_micro_b, chequers_serial_rivers_micro_b,
          serial_shops, nicolae_shop_window_shopping
D:2:      layout_basic, basic_altar, chequers_big_river
D:3:      layout_rooms, hellmonk_ecumenical_altar_run_dry,
          minmay_misc_feat_pillars, uniq_grinder, uniq_sigmund, uniq_natasha
D:4:      layout_loops_ring, tgw_xom, kennysheep_path_1,
          grunt_decor_mini_mirrors, uniq_crazy_yiuf_cottage, uniq_edmund
D:5:      layout_basic, grunt_qazlal_sundering, grunt_temple_overflow_open,
          minmay_temple_entry_large_hall

Action                     || total
---------------------------++-------
  Melee: Short sword       ||    36
    Use: Potion            ||     1
 Armour: Robe              ||    17
  Dodge: Dodged            ||    31

Table legend: (Time is in decaauts)
 A = Elapsed time spent in this place.
 B = Non-inter-level travel time spent in this place.
 C = Inter-level travel time spent in this place.
 D = Time resting spent in this place.
 E = Time spent auto-exploring this place.
 F = Levels seen in this place.
 G = Mean time per level.
                   A        B        C        D        E       F      G
               +--------+--------+--------+--------+--------+-----+--------+
         Total |    272 |    272 |      0 |     40 |    115 |   5 |   54.4 |
       Dungeon |    272 |    272 |      0 |     40 |    115 |   5 |   54.4 |
               +--------+--------+--------+--------+--------+-----+--------+

Top non-repeatable levels by time:
     D:4: 234 daAuts
     D:2: 15 daAuts
     D:3: 10 daAuts
     D:5: 8 daAuts
     D:1: 3 daAuts
